 Dungeon Crawl Stone Soup version 0.31.0-10-gcf4a605ca0 (webtiles) character file.

Game seed: 16999590148214050314

1825758 Hi5aMiFi the Worldbinder (level 27, 207/207 HPs)
             Began as a Merfolk Alchemist on Jan 21, 2024.
             Was a High Priest of Sif Muna.
             Escaped with the Orb
             ... and 4 runes on Jan 26, 2024!
             The game lasted 16:06:33 (108542 turns).

Hi5aMiFi the Worldbinder (Merfolk Alchemist)      Turns: 108542, Time: 16:06:33

Health: 207/207    AC: 10    Str:  7      XL:     27
Magic:  49/55      EV: 24    Int: 27 (28) God:    Sif Muna [*****.]
Gold:   1996       SH: 17    Dex: 14      Spells: 5/64 levels left

rFire   + . .        I - staff "Upnybrino" {rElec rPois Alchemy}
rCold   . . .        v - +4 kite shield {rN+}
rNeg    + + .        d - +2 robe of the Evening Star {rPois MP+9 Dex-2 Archmagi}
rPois   +            (helmet restricted)
rElec   +            t - +0 cloak of the Jabberwock {Str-5 Int+5}
rCorr   .            N - +2 pair of gloves
SInv    .            x - +2 pair of boots
Will    ++...        m - amulet of the acrobat
Stlth   +            c - ring "Heeteq" {rPois rF+ rN+}
HPRegen 0.54/turn    g - ring of wizardry
MPRegen 0.34/turn

%: acrobat, wizardry (x1), archmagi
@: swift, hasted, studying 3 skills, very quick
A: (nimble swimmer 2), mertail, antennae 1, deformed body, mutation resistance
1, wild magic 1
0: Orb of Zot
}: 4/15 runes: decaying, serpentine, slimy, silver
a: Renounce Religion, Channel Magic, Forget Spell, Divine Exegesis


You escaped.
You worshipped Sif Muna.
Sif Muna was extremely pleased with you.
You visited 12 branches of the dungeon, and saw 56 of its levels.
You visited the Abyss 2 times.
You also visited: Bailey.

You collected 8220 gold pieces.
You spent 6224 gold pieces at shops.

Inventory:

Missiles
 i - a throwing net (quivered)
Armour
 d - the +2 robe of the Evening Star (worn) {rPois MP+9 Dex-2 Archmagi}
   (You bought it in a shop on level 2 of the Vaults)

   Dex-2:     It affects your dexterity (-2).
   rPois:     It protects you from poison MP+9: It affects your magic capacity
   (+9).
   Archmagi:  It increases the power of your magical spells.
 t - the +0 cloak of the Jabberwock (worn) {Str-5 Int+5}
   (You found it on level 3 of the Swamp)

   Str-5:     It affects your strength (-5).
   Int+5:     It affects your intelligence (+5).
 v - a +4 kite shield of positive energy (worn)
 x - a +2 pair of boots (worn)
 y - the +3 leather armour of Summer {rC+ Will+ rCorr}
   (You found it on level 5 of the Pits of Slime)

   rC+:       It protects you from cold.
   Will+:     It increases your willpower.
   rCorr:     It protects you from acid and corrosion.
 N - a +2 pair of gloves (worn)
Magical Staves
 s - the staff of Gluttony {*Corrode Fly rElec Air Alchemy}
   (You found it on level 3 of the Elven Halls)

   [staff of air]

   Base accuracy: +5 Base damage: 5 Base attack delay: 1.2 This weapon's minimum
   attack delay (0.6) is reached at skill level 12.
   rElec:     It insulates you from electricity.
   Fly:       It grants you flight.
   *Corrode:  It may corrode you when you take damage.
   Air:       It increases the power of your Air spells.
   Alchemy:   It increases the power of your Alchemy spells.
   It falls into the 'Staves' category.
   It is a one-handed weapon.
 I - the staff "Upnybrino" (weapon) {rElec rPois Alchemy}
   (You found it on level 3 of the Elven Halls)

   [staff of alchemy]

   Base accuracy: +5 Base damage: 5 Base attack delay: 1.2 This weapon's minimum
   attack delay (0.6) is reached at skill level 12.
   rElec:     It insulates you from electricity.
   rPois:     It protects you from poison Alchemy: It increases the power of
   your Alchemy spells.
   It falls into the 'Staves' category.
   It is a one-handed weapon.
Jewellery
 c - the ring "Heeteq" (left hand) {rPois rF+ rN+}
   (You found it on level 3 of the Crypt)

   [ring of poison resistance]

   rF+:       It protects you from fire.
   rPois:     It protects you from poison rN+: It protects you from negative
   energy.
 e - the amulet of Tafrer {Reflect rPois rCorr Int-2 Dex+3 SH+5}
   (You found it on level 2 of the Vaults)

   [amulet of reflection]

   Reflect:   It reflects blocked missile attacks.
   Int-2:     It affects your intelligence (-2).
   Dex+3:     It affects your dexterity (+3).
   rPois:     It protects you from poison rCorr: It protects you from acid and
   corrosion.
   SH+5:      It affects your SH (+5).
 g - a ring of wizardry (right hand)
 l - a ring of resist corrosion
 m - an amulet of the acrobat (around neck)
 q - a ring of protection from cold
 B - a ring of willpower
 C - the ring of the Archfiend {Int+6 Slay+3}
   (You found it on level 3 of the Crypt)

   [ring of intelligence]

   Int+6:     It affects your intelligence (+6).
   Slay+3:    It affects your accuracy & damage with ranged weapons and melee
   (+3).
 G - a ring of see invisible
 J - the amulet of Lamire {Reflect rN+++ Will++ Slay-2 SH+5 Stlth+}
   (You found it on level 5 of the Pits of Slime)

   [amulet of reflection]

   Reflect:   It reflects blocked missile attacks.
   Slay-2:    It affects your accuracy & damage with ranged weapons and melee
   (-2).
   rN+++:     It renders you almost immune to negative energy.
   Will++:    It greatly increases your willpower.
   SH+5:      It affects your SH (+5).
   Stlth+:    It makes you more stealthy.
 K - the ring of the King {rC+ rN++ MP-9 Int+6}
   (You bought it in a shop on level 1 of the Depths)

   [ring of intelligence]

   Int+6:     It affects your intelligence (+6).
   rC+:       It protects you from cold.
   rN++:      It greatly protects you from negative energy.
   MP-9:      It affects your magic capacity (-9).
 U - a +6 ring of dexterity
 V - an amulet of magic regeneration
 Y - the ring "Ecoett" {rPois rF+++ rCorr Str-4 Int-5 Dex+7}
   (You bought it in a shop on level 1 of the Depths)

   [ring of resist corrosion]

   Str-4:     It affects your strength (-4).
   Int-5:     It affects your intelligence (-5).
   Dex+7:     It affects your dexterity (+7).
   rF+++:     It renders you almost immune to fire.
   rPois:     It protects you from poison rCorr: It protects you from acid and
   corrosion.
Wands
 h - a wand of roots (28)
 k - a wand of quicksilver (40)
 n - a wand of digging (18)
 S - a wand of paralysis (53)
Scrolls
 a - 4 scrolls of fog
 f - 4 scrolls of revelation
 w - a scroll of silence
 E - 4 scrolls of amnesia
 H - 2 scrolls of fear
 L - 9 scrolls of immolation
 R - 4 scrolls of vulnerability
 W - 20 scrolls of teleportation
 X - 9 scrolls of poison
Potions
 b - a potion of cancellation
 j - 9 potions of attraction
 o - 3 potions of haste
 r - 2 potions of lignification
 u - a potion of invisibility
 z - 8 potions of mutation
 D - a potion of heal wounds
 F - 2 potions of resistance
 M - a potion of enlightenment
 O - 9 potions of brilliance
 P - 2 potions of curing
 Z - a potion of magic
Miscellaneous
 A - a lightning rod (4/4)
 Q - a phantom mirror


   Skills:
 - Level 15.0 Fighting
 - Level 10.0 Short Blades
 - Level 1.2 Polearms
 - Level 3.0 Armour
 * Level 25.3 Dodging
 - Level 2.3 Stealth
 - Level 15.0 Shields
 + Level 19.2 Spellcasting
 - Level 7.0 Conjurations
 - Level 3.0 Hexes
 * Level 26.6 Summonings
 - Level 14.0 Translocations
 - Level 3.0 Fire Magic
 - Level 3.0 Air Magic
 - Level 10.9 Alchemy
 - Level 10.0 Invocations
 + Level 12.0 Evocations


You had 5 spell levels left.
You knew the following spells:

 Your Spells              Type           Power      Damage    Failure   Level
a - Summon Hydra          Summ           73%        N/A       1%          7
b - Malign Gateway        Summ/Tloc      66%        N/A       1%          7
c - Dragon's Call         Summ           73%        N/A       4%          9
d - Olgreb's Toxic Radia  Alch           100%       N/A       1%          4
e - Passage of Golubria   Tloc           100%       N/A       1%          4
f - Ignite Poison         Fire/Alch      100%       N/A       1%          4
g - Blink                 Tloc           100%       N/A       1%          2
h - Summon Horrible Thin  Summ           73%        N/A       1%          8
i - Apportation           Tloc           100%       N/A       1%          1
j - Irradiate             Conj/Alch      60%        3d31      2%          5
k - Swiftness             Air            70%        N/A       2%          3
l - Yara's Violent Unrav  Hex/Alch       55%        3d21      4%          5

Your spell library contained the following spells:

 Spells                   Type           Power      Damage    Failure   Level
 Foxfire                  Conj/Fire      100%       2x1d9     1%          1
 Kiss of Death            Conj/Necr      100%       2d13      1%          1
 Magic Dart               Conj           100%       1d8       1%          1
 Shock                    Conj/Air       100%       1d9       1%          1
 Slow                     Hex            100%       N/A       1%          1
 Sting                    Conj/Alch      100%       1d9       1%          1
 Summon Small Mammal      Summ           100%       N/A       1%          1
 Call Imp                 Summ           100%       N/A       1%          2
 Cigotuvi's Dreadful Rot  Necr/Alch/Air  100%       N/A       1%          2
 Jinxbite                 Hex            100%       N/A       1%          2
 Lesser Beckoning         Tloc           100%       N/A       1%          2
 Mercury Vapours          Alch/Air       100%       N/A       1%          2
 Momentum Strike          Conj/Tloc      100%       3d10      1%          2
 Scorch                   Fire           100%       2d9       1%          2
 Searing Ray              Conj           100%       2d8       1%          2
 Static Discharge         Conj/Air       100%       3-8/arc   1%          2
 Call Canine Familiar     Summ           100%       N/A       1%          3
 Dazzling Flash           Conj/Hex       100%       N/A       1%          3
 Gell's Gravitas          Tloc           100%       N/A       1%          3
 Mephitic Cloud           Conj/Alch/Air  100%       N/A       1%          3
 Summon Ice Beast         Ice/Summ       100%       N/A       1%          3
 Teleport Other           Tloc           100%       N/A       1%          3
 Volatile Blastmotes      Fire/Tloc      100%       2d18      1%          3
 Animate Armour           Summ/Erth      100%       N/A       1%          4
 Dimensional Bullseye     Hex/Tloc       48%        N/A       1%          4
 Fulminant Prism          Conj/Alch      60%        3d26      1%          4
 Iskenderun's Mystic Bla  Conj/Tloc      100%       2d19      1%          4
 Manifold Assault         Tloc           100%       N/A       1%          4
 Martyr's Knell           Necr/Summ      100%       N/A       1%          4
 Sticky Flame             Fire/Alch      100%       2d15      1%          4
 Summon Blazeheart Golem  Fire/Summ      100%       N/A       1%          4
 Summon Lightning Spire   Summ/Air       100%       N/A       1%          4
 Vhi's Electric Charge    Tloc/Air       100%       N/A       1%          4
 Alistair's Intoxication  Alch           85%        N/A       1%          5
 Summon Forest            Summ/Tloc      66%        N/A       1%          5
 Summon Mana Viper        Hex/Summ       100%       N/A       1%          5
 Necrotise                Necr           100%       1d9       2%          1
 Ensorcelled Hibernation  Hex/Ice        100%       N/A       2%          2
 Confusing Touch          Hex            70%        N/A       2%          3
 Hailstorm                Conj/Ice       72%        3d13      2%          3
 Inner Flame              Hex/Fire       70%        N/A       2%          3
 Sigil of Binding         Hex            70%        N/A       2%          3
 Stone Arrow              Conj/Erth      100%       3d13      2%          3
 Tukima's Dance           Hex            70%        N/A       2%          3
 Flame Wave               Conj/Fire      80%        2d17      3%          4
 Leda's Liquefaction      Alch/Erth      52%        N/A       3%          4
 Petrify                  Alch/Erth      100%       N/A       3%          4
 Sublimation of Blood     Necr           50%        N/A       4%          2
 Iskenderun's Battlesphe  Conj           90%        2d14      4%          5
 Brom's Barrelling Bould  Conj/Erth      72%        2d9       6%          4
 Frozen Ramparts          Ice            100%       1d16      8%          3
 Fugue of the Fallen      Necr           50%        N/A       8%          3
 Ozocubu's Armour         Ice            50%        N/A       8%          3
 Passwall                 Erth           50%        N/A       8%          3
 Vampiric Draining        Necr           50%        2d9       8%          3
 Airstrike                Air            35%        2d(5-21)  8%          4
 Cause Fear               Hex            35%        N/A       8%          4
 Arcjolt                  Conj/Air       40%        1d50      9%          5
 Fireball                 Conj/Fire      40%        3d16      9%          5
 Anguish                  Hex/Necr       30%        N/A       13%         4
 Freezing Cloud           Conj/Ice/Air   35%        6-21      16%         5
 Silence                  Hex/Air        35%        N/A       19%         5
 Animate Dead             Necr           50%        N/A       22%         4
 Dispel Undead            Necr           50%        3d19      22%         4
 Metabolic Englaciation   Hex/Ice        30%        N/A       32%         5
 Borgnjor's Vile Clutch   Necr/Erth      25%        N/A       50%         5
 Curse of Agony           Necr           50%        N/A       50%         5
 Lee's Rapid Deconstruct  Erth           25%        3d14*     50%         5
 Dispersal                Tloc           57%        N/A       1%          6
 Summon Cactus Giant      Summ           73%        N/A       1%          6
 Monstrous Menagerie      Summ           73%        N/A       1%          7
 Spellforged Servitor     Conj/Summ      61%        N/A       2%          7
 Eringya's Noxious Bog    Alch           64%        4d6       4%          6
 Haunt                    Necr/Summ      56%        N/A       9%          7
 Sculpt Simulacrum        Ice/Alch       52%        N/A       32%         6
 Conjure Ball Lightning   Conj/Air       40%        3x3d13    38%         6
 Starburst                Conj/Fire      40%        6d11      38%         6
 Disjunction              Tloc           57%        N/A       41%         8
 Bombard                  Conj/Erth      36%        9d6       58%         6
 Plasma Beam              Fire/Air       35%        2x1d48    65%         6
 Orb of Destruction       Conj           45%        9d12      67%         7
 Death Channel            Necr           25%        N/A       95%         6
 Enfeeble                 Hex            35%        N/A       99%         7
 Ozocubu's Refrigeration  Ice            25%        4d13      100%        7
 Borgnjor's Revivificati  Necr           25%        N/A       100%        8
 Discord                  Hex            35%        N/A       100%        8
 Ignition                 Fire           35%        3d11      100%        8
 Infestation              Necr           25%        N/A       100%        8
 Lehudib's Crystal Spear  Conj/Erth      36%        10d9      100%        8
 Maxwell's Capacitive Co  Air            35%        ∞         100%        8
 Chain Lightning          Conj/Air       40%        3d53      100%        9
 Death's Door             Necr           25%        N/A       100%        9
 Fire Storm               Conj/Fire      40%        8d10      100%        9
 Polar Vortex             Ice            25%        12d3*     100%        9
 Shatter                  Erth           25%        3d21*     100%        9


Dungeon Overview and Level Annotations

Branches:
Dungeon (15/15)            Temple (1/1) D:7            Lair (5/5) D:11
  Swamp (4/4) Lair:3        Snake (4/4) Lair:3        Slime (5/5) Lair:5
    Orc (2/2) D:10            Elf (3/3) Orc:2        Vaults (5/5) D:14
  Crypt (3/3) Vaults:3       Tomb (0/3) Crypt:3      Depths (4/4) D:15
    Zot (5/5) Depths:4     Bailey (visited)

Altars:
Ashenzari
Cheibriados
Dithmenos
Elyvilon
Fedhas
Gozag
Hepliaklqana
Kikubaaqudgha
Makhleb
Nemelex Xobeh
Okawaru
Qazlal
Ru
Sif Muna
Trog
Uskayaw
Vehumet
Wu Jian
Xom
Yredelemnul
Zin
The Shining One

Shops:
D:4 *=?*   D:6 [   D:10 (   Orc:2 (([?   Elf:2 (?   Elf:3 [   Vaults:1 (
Vaults:2 [(   Vaults:3 ?   Vaults:5 ??   Depths:1 :==:

Portals:
Hell: Depths:1 Depths:2 Depths:3 Depths:4
Abyss: Depths:2 Depths:3
Pandemonium: Depths:2
Ziggurat: Depths:3

Annotations:
Zot:4 2 transporters, exclusion: orange crystal statue, Beclu's ghost, legendary GnSk; Miridwoatt's ghost, master GnFi; Muataran's ghost, veteran MiMo


Innate Abilities, Weirdness & Mutations

((You are very nimble when in or above water. (Stealth+, EV+, Speed+++)))
Your lower body shifts to a powerful aquatic tail in water.
You have a pair of small antennae on your head.
Armour fits poorly on your strangely shaped body.
You are somewhat resistant to further mutation.
Your spells are a little harder to cast, but a little more powerful.


Message History

Unknown command.
As you read the scroll of fog, it dissolves into smoke.
Casting: Swiftness (mildly dangerous; 2% risk of failure)
Confirm with . or Enter, or press ? or * to list all spells.
You feel a surge of power!
You feel quick.
Aiming: Dig
Press: ? - help, Shift-Dir - straight line A rock wall.
This square is covered in magical glow.
The rock shatters into small pieces.
There is a stone staircase leading up here.
You climb upwards.
There is a stone staircase leading down here.
There is a stone staircase leading up, spattered with blood here.
You climb upwards.
There is a stone staircase leading down here.
Casting: Swiftness (mildly dangerous; 2% risk of failure)
Confirm with . or Enter, or press ? or * to list all spells.
Aiming: Passage of Golubria (safe; 1% risk of failure)
Press: ? - help, Dir - move target You feel a surge of power!
You enter the passage of Golubria.
There is a passage of Golubria here.
Aiming: Dig
Press: ? - help, Shift-Dir - straight line A rock wall.
This square is covered in magical glow.
The rock shatters into small pieces.
Casting: Passage of Golubria (safe; 1% risk of failure)
Confirm with . or Enter, or press ? or * to list all spells.
Aiming: Passage of Golubria (safe; 1% risk of failure)
Press: ? - help, Dir - move target You feel a surge of power!
You enter the passage of Golubria.
You enter the passage of Golubria.
Blink to where?
Press: ? - help, Dir - move target
As you read the scroll of blinking, it crumbles to dust.
You can't go down here!
You have escaped!

##..........##..........#########
.#........#..'..........'........
.#.#####.#####..........#########
...#..........^..............# #
..##.###.......§.........###.# #
...........##♣♣♣.♣♣♣##...# #.# #
..#..#.#...# ♣⌠♣ #...# #.# #
..#..#.#...♣♣♣♣♣.♣♣♣♣♣..## #.# #
[.##.#........⌠.@.⌠.....## #.# #
..##.......♣♣♣♣♣.♣♣♣♣♣...# #.# #
..##..#....# ♣⌠♣ #...# #.# #
...#.......##♣♣♣.♣♣♣##...# #.# #
#..####..................###.## #
#..##.........................# #
#..##.##.####..################ #
#..##.##.................# #
#..##.##..#............#.# #


There were no monsters in sight!

Vanquished Creatures
  the Royal Jelly (Slime:5)
  the Lernaean hydra (Swamp:4)
  Saint Roka (Depths:2)
  A curse toe (Zot:4)
  2 electric golems (Zot:5)
  2 Orb Guardians (Zot:5)
  A deep elf master archer (Elf:3)
  5 acid blobs (Slime:5)
  A titan (Vaults:5)
  2 death cobs (Zot:3)
  2 storm dragons (Zot:5)
  2 tengu reavers
  A nagaraja (Snake:4)
  4 azure jellies (Slime:5)
  A draconian shifter (Zot:5)
  2 rockslimes (Slime:5)
  3 deep elf sorcerers (Elf:3)
  2 vault wardens (Vaults:5)
  2 draconian scorchers (Zot:3)
  3 deep elf elementalists (Elf:3)
  A ghost moth (Zot:5)
  2 curse skulls
  A draconian annihilator (Zot:4)
  3 quicksilver oozes (Slime:5)
  A draconian stormcaller (Zot:5)
  2 deep elf death magi (Elf:3)
  4 deep elf annihilators (Elf:3)
  An eleionoma (Lair:3)
  2 deep elf demonologists (Elf:3)
  A white draconian (Zot:3)
  A purple draconian (Zot:3)
  A yellow draconian (Zot:4)
  An ettin (Vaults:5)
  Fannar (Orc:1)
  2 deep elf high priests (Elf:3)
  A hydra (Swamp:4)
  4 vault guards (Vaults:5)
  A salamander tyrant (Snake:4)
  2 spriggan air magi (Depths:3)
  3 two-headed ogres
  2 anacondas
  2 boulder beetles
  An alligator (Swamp:4)
  3 death yaks (Lair:5)
  A deep troll shaman (Depths:2)
  2 naga warriors
  3 deep troll earth magi
  An orc high priest (Orc:2)
  A hell knight (Depths:2)
  2 shock serpents (Snake:3)
  5 spriggans
  8 deep elf knights
  A skyshark (Lair:4)
  7 deep trolls
  3 mana vipers
  A flayed ghost (Crypt:3)
  A naga ritualist (Snake:1)
  2 ironbound convokers
  Pikel (D:9)
  9 deep elf archers
  A harpy (Vaults:2)
  12 deep elf pyromancers
  21 deep elf zephyrmancers
  2 cyclopes
  3 ugly things
  6 salamanders
  3 orc sorcerers
  20 elephants
  3 guardian serpents
  A moth of wrath (Zot:3)
  18 black mambas
  3 kobold blastminers
  A meliai (shapeshifter) (D:13)
  3 meliai
  2 vault sentinels
  5 naga magi
  A torpor snail (Lair:5)
  8 cane toads
  A gargoyle (D:11)
  A hellion (Zot:5)
  A kobold demonologist (Abyss:1)
  2 unseen horrors
  7 komodo dragons
  2 rime drakes
  3 yaktaurs
  4 trolls
  4 hornets (Swamp:1)
  6 polar bears
  3 tyrant leeches
  15 blink frogs
  14 dream sheep
  2 slime creatures
  56 yaks
  A wyvern (Lair:4)
  A water elemental (D:11)
  A warg (Orc:1)
  4 basilisks
  3 steam dragons
  A fire bat zombie (Crypt:1)
  3 acid dragons
  7 nagas
  9 swamp worms
  12 nameless horrors
  Duvessa (D:6)
  12 water moccasins
  16 orc warriors
  2 ice beasts
  2 laughing skulls (Crypt:1)
  A sky beast (D:7)
  4 boggarts
  2 ogres (D:6)
  22 wolves
  A centaur (D:5)
  3 lemures (D:9)
  2 kobold brigands
  A gnoll sergeant (D:13)
  12 bullfrogs
  2 scorpions
  Dowan (D:6)
  14 killer bees
  8 vampire bats (Bailey)
  4 wolf zombies (Bailey)
  7 electric eels
  8 hounds
  Crazy Yiuf (D:5)
  A bombardier beetle (D:6)
  25 orc priests
  2 gnoll boudas
  5 iguanas
  A sleepcap (D:6)
  7 hell rats (Lair:1)
  42 orc wizards
  11 gnolls
  5 adders
  A white imp (D:8)
  An iguana zombie (Crypt:2)
  2 dart slugs
  2 ribbon worms
  75 orcs
  4 ball pythons
  3 endoplasms
  4 giant cockroaches
  7 goblins
  5 hobgoblins (D:1)
  4 jackals (D:1)
  16 kobolds
  4 quokkas
  7 bats
  5 frilled lizards
  23 orc zombies (Bailey)
  2 rats
796 creatures vanquished.

Vanquished Creatures (collateral kills)
  Frederick (Vaults:2)
  4 dread liches
  7 orbs of fire
  4 ancient liches
  2 Killer Klowns (Zot:5)
  Vashnia (Snake:4)
  A curse toe (Zot:4)
  Nikola (Swamp:1)
  8 golden dragons
  A bone dragon (Abyss:1)
  An electric golem (Zot:2)
  A hellephant (Abyss:1)
  24 tentacled monstrosities
  A Hell Sentinel (Zot:1)
  5 liches
  Rupert (D:15)
  22 Orb Guardians (Zot:5)
  2 deep elf blademasters
  5 quicksilver dragons
  13 acid blobs
  7 death cobs
  6 sphinxes
  A tentacled starspawn (Abyss:1)
  2 titans (Vaults:5)
  3 ancient champions
  A thorn hunter (Swamp:2)
  7 eldritch tentacles
  The ghost of Pooter the Severer, an adept MiBe of Trog (Snake:2)
  Kirke (Elf:1)
  6 tengu reavers
  9 shadow dragons
  Aizul (Vaults:1)
  11 draconian monks
  6 nagarajas (Snake:4)
  10 rockslimes
  3 azure jellies
  A daeva (Abyss:1)
  17 storm dragons
  4 protean progenitors
  5 draconian knights
  2 draconian shifters
  2 revenants (Crypt:3)
  21 vault wardens
  6 ghost moths
  11 fire giants
  7 frost giants
  3 deep elf sorcerers
  A deep elf elementalist (Abyss:1)
  A draconian scorcher (Depths:4)
  6 ghouls (Crypt:2)
  2 balrugs (Abyss:1)
  A juggernaut zombie (Crypt:3)
  7 draconian stormcallers
  18 ironbound preservers
  7 quicksilver oozes
  A caustic shrike zombie (Crypt:1)
  2 orc warlords
  7 draconian annihilators
  13 stone giants
  A reaper (Abyss:1)
  13 very ugly things
  17 ironbound thunderhulks
  5 deep elf annihilators
  9 formless jellyfish
  3 deep elf demonologists
  A starflower (Abyss:1)
  7 green draconians
  6 deep elf death magi
  5 vampire knights
  5 purple draconians
  5 eleionomae
  3 demonspawn black suns (Zot:3)
  4 lorocyprocas
  4 spark wasps
  28 starcursed masses
  11 black draconians
  7 war gargoyles
  4 yellow draconians
  6 bunyips
  9 red draconians
  6 white draconians
  7 dire elephants
  10 ettins
  3 eidola
  6 jiangshi
  A quicksilver dragon zombie (D:15)
  18 yaktaur captains
  A shambling mangrove (Swamp:4)
  10 fire dragons
  4 deep elf high priests
  3 spriggan zombies
  A sphinx zombie (D:15)
  An entropy weaver (Vaults:2)
  6 ice dragons
  A quicksilver dragon skeleton (Abyss:1)
  3 rakshasas
  20 hydras
  12 great orbs of eyes
  8 ghost crabs
  41 vault guards
  A salamander tyrant (Snake:4)
  2 caustic shrike simulacra
  A catoblepas (Lair:5)
  A juggernaut simulacrum (Crypt:1)
  A hell beast (Depths:3)
  5 ironbound frosthearts
  2 death knights (Vaults:3)
  2 jorogumos (Zot:1)
  3 peacekeepers (Vaults:4)
  11 alligators
  4 ogre magi
  12 anacondas
  13 centaur warriors
  17 two-headed ogres
  22 dancing weapons
  3 death yaks (Lair:5)
  10 deep troll shamans
  2 boulder beetles
  4 tengu warriors
  A sphinx skeleton (Crypt:2)
  11 deep troll earth magi
  21 naga warriors
  A hell hog (Depths:3)
  A shock serpent (Snake:4)
  4 vampire magi
  2 orc high priests
  6 naga sharpshooters
  16 hell knights
  An occultist (D:14)
  A soul eater (Depths:2)
  3 skysharks
  6 sun demons
  13 iron trolls
  A titan skeleton (Depths:3)
  2 sixfirhies
  A storm dragon skeleton (Crypt:3)
  A fire crab (shapeshifter) (Vaults:3)
  19 skeletal warriors
  A cyclops (shapeshifter) (Depths:4)
  6 deep elf knights
  A death drake (Swamp:3)
  10 shadow wraiths
  10 goliath frogs
  A shadow demon (D:15)
  2 spark wasp zombies
  A death drake (shapeshifter) (Abyss:1)
  4 spriggan druids
  2 deep elf archers
  2 anaconda zombies
  5 glowing orange brains
  9 swamp dragons
  52 deep trolls
  7 mana vipers
  4 spriggan simulacra (Crypt:2)
  2 arcanists
  7 orc knights
  2 anaconda skeletons (Crypt:1)
  7 flayed ghosts
  4 bog bodies
  A lindwurm (shapeshifter) (Depths:3)
  6 large abominations (Abyss:1)
  A naga ritualist (Snake:3)
  The ghost of Tang the Slasher, a novice DrGl of Uskayaw (D:6)
  7 necromancers
  A fenstrider witch simulacrum (Crypt:2)
  A golden dragon skeleton (Crypt:1)
  5 deep elf zephyrmancers (Elf:2)
  A nameless horror (Depths:4)
  3 lindwurms (Vaults:4)
  18 phantasmal warriors
  6 deep elf pyromancers
  A fire giant zombie (Depths:3)
  23 ironbound convokers
  An iron dragon zombie (Crypt:1)
  5 harpies
  A stone giant zombie (Crypt:2)
  6 shining eyes
  A tengu zombie (Depths:3)
  35 ugly things
  A glowing shapeshifter (Vaults:5)
  6 salamanders
  3 will-o-the-wisps
  An oklob plant (Snake:1)
  2 fauns (shapeshifter)
  2 worldbinders (Abyss:1)
  4 orc sorcerers (Orc:2)
  A naga zombie (Crypt:3)
  4 cyclopes
  A centaur zombie (Crypt:2)
  22 moths of wrath
  14 black mambas
  14 guardian serpents
  An eye of devastation (shapeshifter) (Vaults:5)
  2 titan simulacra (Crypt:2)
  15 naga magi
  2 kobold blastminers (Orc:2)
  3 eyes of devastation
  An alligator snapping turtle zombie (Crypt:3)
  4 gargoyles (Crypt:3)
  An elephant (shapeshifter) (Vaults:5)
  An orange demon (Abyss:1)
  27 vault sentinels
  4 smoke demons
  A dire elephant skeleton (Crypt:3)
  An efreet (D:14)
  30 yaktaurs
  A yaktaur (shapeshifter) (D:14)
  19 freezing wraiths
  An anaconda simulacrum (Crypt:2)
  9 ancient zymes (Abyss:1)
  3 bloated husks
  A hydra zombie (Crypt:3)
  A hellwing (Abyss:1)
  6 tyrant leeches
  2 trolls (D:12)
  A wolf spider simulacrum (D:15)
  3 saltlings (Vaults:4)
  8 hornets
  A harpy skeleton (Abyss:1)
  2 shadow dragon simulacra
  2 ettin zombies
  4 raiju (Abyss:1)
  A snapping turtle (Vaults:3)
  Grinder (D:5)
  2 glass eyes
  4 fire dragon skeletons (Crypt:3)
  4 vampires (Crypt:3)
  4 air elementals
  4 shadows (Crypt:3)
  An ice dragon skeleton (Crypt:1)
  5 water elementals
  A black mamba zombie (Crypt:2)
  54 slime creatures
  4 spriggans
  A dire elephant simulacrum (Crypt:2)
  11 wraiths
  2 ynoxinuls (Abyss:1)
  6 golden eyes (Slime:4)
  4 yaks (D:12)
  8 fire elementals
  2 basilisks
  3 hogs (Elf:1)
  A warg (Orc:2)
  An unseen horror simulacrum (D:6)
  A tyrant leech zombie (Crypt:2)
  3 neqoxecs (Abyss:1)
  9 vampire mosquitoes
  A chaos spawn (Abyss:1)
  41 nagas
  5 harpy simulacra (Crypt:2)
  16 swamp worms
  A swamp worm (shapeshifter) (Vaults:5)
  An acid dragon (D:13)
  A human skeleton (Depths:3)
  2 naga skeletons
  A faun skeleton (Crypt:1)
  7 swamp drakes
  A water moccasin (Lair:3)
  23 laughing skulls
  3 orc warriors
  An ice dragon simulacrum (Crypt:2)
  A snapping turtle zombie (Crypt:1)
  A merfolk simulacrum (Crypt:2)
  2 black mamba simulacra (Crypt:2)
  A swamp dragon zombie (Crypt:1)
  6 small abominations (Abyss:1)
  3 ogres
  A manticore skeleton (Crypt:1)
  4 boggarts
  A swamp dragon skeleton (Crypt:2)
  A dream sheep skeleton (Crypt:1)
  A centaur (D:12)
  4 weeping skulls
  A glowing shapeshifter simulacrum (Depths:3)
  A necrophage (Crypt:2)
  An elf skeleton (Crypt:2)
  2 naga simulacra (Crypt:2)
  3 earth elementals
  A wolf zombie (Crypt:1)
  A spriggan skeleton (Crypt:2)
  4 quasits
  4 centaur skeletons
  An orc priest (Depths:2)
  An iron imp (Abyss:1)
  A jelly (D:5)
  Ijyb (D:5)
  2 orc wizards (Orc:2)
  A boggart skeleton (Crypt:2)
  A centaur simulacrum (D:6)
  An acid dragon skeleton (Crypt:1)
  A gnoll (D:13)
  2 white imps (Abyss:1)
  6 orcs
  A ball python skeleton (Crypt:2)
  A goblin skeleton (Crypt:1)
  A jackal skeleton (Crypt:2)
  2 aspiring fleshes
  2 starspawn tentacles (Abyss:1)
1672 creatures vanquished.

Vanquished Creatures (others)
  An Orb Guardian (Zot:5)
  259 eldritch tentacles
  A deep elf elementalist (Elf:3)
  A draconian annihilator (Zot:3)
  An ironbound preserver (Vaults:3)
  A green draconian (Zot:3)
  2 deep elf annihilators (Elf:3)
  A white draconian (Zot:4)
  A centaur warrior (Vaults:2)
  A shadow wraith (Crypt:3)
  A skeletal warrior (Crypt:3)
  2 goliath frogs (Swamp:1)
  A swamp dragon (Swamp:4)
  A bog body (Crypt:2)
  A deep elf zephyrmancer (Elf:3)
  A will-o-the-wisp (Swamp:4)
  A bloated husk (Swamp:4)
  A swamp worm (Swamp:1)
  A centaur (D:6)
  A phantom (D:6)
  A necrophage (Crypt:2)
  An adder (D:6)
  31 foxfires
  30 snaplasher vines
  2 starspawn tentacles (Abyss:1)
345 creatures vanquished.

Grand Total: 2813 creatures vanquished

Notes
Turn   | Place    | Note
-------+----------+-------------------------------------------
     0 | D:1      | Hi5aMiFi the Merfolk Alchemist began the quest for the Orb.
     0 | D:1      | Reached XP level 1. HP: 13/13 MP: 3/3
   317 | D:1      | Reached skill level 1 in Conjurations
   537 | D:1      | Reached XP level 2. HP: 19/19 MP: 1/5
   543 | D:1      | Learned a level 2 spell: Mercury Vapours
  1025 | D:1      | Reached XP level 3. HP: 24/24 MP: 4/6
  1691 | D:2      | Found an ancient bone altar of Kikubaaqudgha.
  1731 | D:2      | Reached XP level 4. HP: 30/30 MP: 7/7
  1849 | D:2      | Reached skill level 1 in Polearms
  2282 | D:3      | Found a shimmering altar of Xom.
  2346 | D:3      | Reached skill level 1 in Air Magic
  2786 | D:3      | Gained mutation: Your body sometimes deteriorates upon
                  | taking damage. [potion of mutation]
  2786 | D:3      | Gained mutation: You are clumsy. (Dex -2) [potion of
                  | mutation]
  2786 | D:3      | Gained mutation: A frigid envelope surrounds you and
                  | freezes all who hurt you. [potion of mutation]
  2803 | D:3      | Reached XP level 5. HP: 35/35 MP: 8/8
  3227 | D:3      | Found a burning altar of Makhleb.
  3386 | D:4      | Found Ymidami's General Store.
  3394 | D:4      | Bought 2 potions of curing for 60 gold pieces
  3535 | D:4      | Learned a level 1 spell: Slow
  3814 | D:4      | Found Jomel's Jewellery Emporium.
  3878 | D:4      | Found Roipp's Assorted Antiques.
  3946 | D:4      | Found Hogen's Magic Scroll Shoppe.
  3953 | D:4      | Bought a scroll of blinking for 75 gold pieces
  3953 | D:4      | Bought a scroll of teleportation for 30 gold pieces
  4125 | D:4      | Found a glowing golden altar of the Shining One.
  4306 | D:5      | Entered Level 5 of the Dungeon
  4373 | D:5      | Noticed Ijyb
  4465 | D:5      | Noticed an ice beast
  4550 | D:5      | Noticed Grinder
  4658 | D:2      | Reached skill level 5 in Alchemy
  4792 | D:6      | Found a snail-covered altar of Cheibriados.
  4797 | D:6      | Killed a centaur
  4807 | D:6      | Reached skill level 1 in Hexes
  4874 | D:6      | Noticed a phantom
  4974 | D:6      | Noticed an ogre
  4985 | D:6      | Noticed an ice beast
  5008 | D:6      | Killed an ogre
  5009 | D:6      | Reached XP level 6. HP: 41/41 MP: 9/9
  5239 | D:6      | Noticed a steam dragon
  5495 | D:6      | Found a runed translucent gate.
  5496 | D:6      | Found a runed translucent gate.
  5580 | D:6      | Reached XP level 7. HP: 46/46 MP: 9/10
  5675 | D:6      | Learned a level 4 spell: Olgreb's Toxic Radiance
  5700 | D:6      | Noticed Duvessa
  5708 | D:6      | Found a runed translucent gate.
  5709 | D:6      | Noticed Tang's ghost (novice DrGl)
  5732 | D:6      | Noticed Dowan
  5747 | D:6      | Killed Duvessa
  5751 | D:6      | Killed Dowan
  6042 | D:6      | Reached skill level 1 in Short Blades
  6267 | D:6      | Learned a level 3 spell: Mephitic Cloud
  6364 | D:6      | Found Vaeffihe's Armour Shoppe.
  7215 | D:5      | Reached XP level 8. HP: 52/52 MP: 12/12
  7269 | D:4      | Bought a scroll of identify for 20 gold pieces
  7269 | D:4      | Bought a scroll of enchant weapon for 75 gold pieces
  7269 | D:4      | Bought a scroll of poison for 40 gold pieces
  7987 | D:7      | Reached skill level 10 in Alchemy
  8098 | D:7      | Reached skill level 1 in Fighting
  8098 | D:7      | Reached skill level 1 in Summonings
  8259 | D:7      | Reached skill level 2 in Summonings
  8343 | D:7      | Reached XP level 9. HP: 61/61 MP: 11/13
  8539 | D:7      | Found a staircase to the Ecumenical Temple.
  8554 | Temple   | Entered the Ecumenical Temple
  8562 | Temple   | Became a worshipper of Sif Muna the Loreminder
  8582 | D:7      | Reached skill level 3 in Summonings
  9626 | D:5      | Found a sacrificial altar of Ru.
  9722 | D:5      | Reached skill level 4 in Summonings
 10040 | D:8      | Identified the +9 quarterstaff "Qulemiroli" {freeze, Will+}
 10369 | D:8      | Reached * piety under Sif Muna
 10644 | D:8      | Found a blossoming altar of Fedhas.
 10696 | D:8      | Reached skill level 5 in Dodging
 10696 | D:8      | Reached XP level 10. HP: 70/70 MP: 4/14
 10698 | D:8      | Reached skill level 5 in Short Blades
 10810 | D:8      | You fall into a shaft and drop 2 floors!
 10810 | D:10     | Entered Level 10 of the Dungeon
 10843 | D:10     | Noticed a two-headed ogre
 10852 | D:10     | Killed a two-headed ogre
 10853 | D:10     | Reached skill level 5 in Summonings
 10853 | D:10     | Reached skill level 1 in Invocations
 11073 | D:10     | Found a staircase to the Orcish Mines.
 11075 | D:10     | Found Zaisai Iwipe's Weapon Shop.
 11205 | D:9      | Noticed a two-headed ogre
 11206 | D:9      | Reached ** piety under Sif Muna
 11389 | D:9      | Found a flagged portal.
 11402 | D:9      | Reached skill level 5 in Conjurations
 11422 | Bailey   | Entered a bailey
 11761 | Bailey   | Reached *** piety under Sif Muna
 11822 | Bailey   | Noticed a gargoyle
 12369 | D:9      | Noticed Pikel
 12386 | D:9      | Killed Pikel
 12387 | D:9      | Reached XP level 11. HP: 68/75 MP: 4/15
 12568 | D:9      | Identified the +2 rapier of Uhit Kau {elec, ^Fragile Int+5}
 12830 | D:9      | Reached skill level 6 in Summonings
 12952 | D:9      | Killed a two-headed ogre
 13216 | D:4      | Bought a ring of willpower for 300 gold pieces
 14184 | D:11     | Noticed a cyclops
 14499 | D:11     | Found a staircase to the Lair.
 14668 | D:11     | Reached skill level 1 in Armour
 14678 | D:11     | Killed a cyclops
 14799 | D:11     | Reached skill level 10 in Dodging
 14802 | D:11     | Reached skill level 7 in Summonings
 15306 | D:11     | Noticed a two-headed ogre
 15310 | D:11     | Killed a two-headed ogre
 15378 | D:11     | Noticed a white ugly thing
 15395 | D:11     | Killed a white ugly thing
 15396 | D:11     | Reached skill level 8 in Summonings
 15895 | Lair:1   | Entered Level 1 of the Lair of Beasts
 16043 | Lair:1   | Reached XP level 12. HP: 79/81 MP: 14/16
 16062 | Lair:1   | Reached skill level 1 in Translocations
 16245 | Lair:1   | Learned a level 3 spell: Call Canine Familiar
 16406 | Lair:1   | Reached **** piety under Sif Muna
 17134 | Lair:2   | Reached skill level 10 in Short Blades
 17134 | Lair:2   | Reached skill level 9 in Summonings
 19066 | Lair:3   | Found a staircase to the Snake Pit.
 19176 | Lair:3   | Reached XP level 13. HP: 86/86 MP: 19/19
 19178 | Lair:3   | Reached skill level 10 in Summonings
 19186 | Lair:3   | Learned a level 2 spell: Blink
 19214 | Lair:3   | Reached ***** piety under Sif Muna
 19354 | Lair:3   | Reached skill level 5 in Translocations
 19549 | Lair:3   | Found a staircase to the Swamp.
 19549 | Lair:3   | Noticed an eleionoma
 19559 | Lair:3   | Killed an eleionoma
 20521 | Lair:4   | Reached skill level 5 in Spellcasting
 20748 | Lair:4   | Reached skill level 11 in Summonings
 21606 | Lair:5   | Entered Level 5 of the Lair of Beasts
 21850 | Lair:5   | Reached XP level 14. HP: 60/96 MP: 3/21
 21853 | Lair:5   | Reached skill level 5 in Fighting
 22118 | Lair:5   | Received a gift from Sif Muna
 22122 | Lair:5   | Got Sif Muna's Octavo of the Panacea {god gift}
 22129 | Lair:5   | Learned a level 5 spell: Summon Forest
 22167 | Lair:5   | Learned a level 1 spell: Apportation
 22377 | Lair:5   | Found a staircase to the Slime Pits.
 22677 | Lair:5   | Reached skill level 15 in Dodging
 22758 | Lair:5   | Reached skill level 12 in Summonings
 23181 | Lair:5   | Noticed a dire elephant
 23217 | Lair:5   | Killed a dire elephant
 23267 | Lair:5   | Learned a level 4 spell: Summon Lightning Spire
 23578 | D:5      | Killed Grinder
 23595 | D:5      | Killed Ijyb
 23973 | D:5      | Found a runed translucent door.
 23974 | D:5      | Noticed Crazy Yiuf
 23980 | D:5      | Killed Crazy Yiuf
 26264 | D:13     | Reached skill level 13 in Summonings
 26395 | D:14     | Found a gate to the Vaults.
 26442 | D:14     | Found a basalt altar of Yredelemnul.
 26989 | D:14     | Reached XP level 15. HP: 103/103 MP: 16/24
 27206 | D:14     | Received a gift from Sif Muna
 27209 | D:14     | Got Jukanisch's Spellbook of Blasting {god gift}
 27750 | D:14     | Reached skill level 14 in Summonings
 28247 | D:4      | Bought the Hermit's Pendant {Faith Invo=14 Evo=0 MP+5} for
                  | 690 gold pieces
 28247 | D:4      | Found the Hermit's Pendant {Faith Invo=14 Evo=0 MP+5}
 28429 | Orc:1    | Entered Level 1 of the Orcish Mines
 28429 | Orc:1    | Noticed Fannar
 28447 | Orc:1    | Killed Fannar
 28899 | Orc:1    | Found a burning altar of Makhleb.
 29034 | Orc:2    | Entered Level 2 of the Orcish Mines
 29340 | Orc:2    | Found a staircase to the Elven Halls.
 30523 | Orc:2    | Received a gift from Sif Muna
 30529 | Orc:2    | Got Sif Muna's Compilation of Flaming Mortification {god
                  | gift}
 31287 | Orc:2    | Found Fefeax's Antique Weapon Shop.
 31287 | Orc:2    | Found Xewn's Weapon Shop.
 31290 | Orc:2    | Found Guggaenn's Magic Scroll Boutique.
 31292 | Orc:2    | Found Jynekh's Armour Boutique.
 31297 | Orc:2    | Bought a scroll of blinking for 82 gold pieces
 31297 | Orc:2    | Bought a scroll of teleportation for 33 gold pieces
 31375 | Orc:2    | Bought a scroll of enchant armour for 82 gold pieces
 31375 | Orc:2    | Bought a scroll of revelation for 82 gold pieces
 31486 | Orc:2    | Learned a level 5 spell: Irradiate
 31641 | Swamp:1  | Entered Level 1 of the Swamp
 31688 | Swamp:1  | Noticed Jorgrun
 31692 | Swamp:1  | Received a gift from Sif Muna
 31755 | Swamp:1  | Noticed Nikola
 31864 | Snake:1  | Entered Level 1 of the Snake Pit
 32596 | Orc:2    | Bought a scroll of enchant armour for 82 gold pieces
 32596 | Orc:2    | Bought a scroll of revelation for 82 gold pieces
 32864 | Snake:1  | Reached skill level 15 in Summonings
 33077 | Snake:1  | Reached XP level 16. HP: 102/109 MP: 28/28
 33507 | Snake:2  | Reached skill level 1 in Shields
 34150 | Snake:2  | Found a runed translucent door.
 34966 | Snake:2  | Noticed Pooter's ghost (adept MiBe)
 35207 | Snake:2  | Killed Pooter's ghost
 35343 | Snake:3  | Received a gift from Sif Muna
 35675 | Snake:3  | Got Sif Muna's Easy Witchcraft {god gift}
 35975 | Orc:2    | Bought a +1 leather armour of poison resistance for 165
                  | gold pieces
 35997 | Orc:2    | Learned a level 7 spell: Summon Hydra
 37180 | Snake:3  | Reached skill level 5 in Shields
 38131 | Snake:4  | Entered Level 4 of the Snake Pit
 38752 | Snake:4  | Reached skill level 16 in Summonings
 38759 | Snake:4  | Noticed a nagaraja
 38769 | Snake:4  | Killed a nagaraja
 38770 | Snake:4  | Reached XP level 17. HP: 115/115 MP: 20/30
 39021 | Snake:4  | Received a gift from Sif Muna
 39022 | Snake:4  | Got Sif Muna's Quarto of Shifting Formation {god gift}
 40434 | Snake:4  | Noticed Vashnia
 41628 | Snake:4  | Reached skill level 10 in Spellcasting
 41820 | Snake:4  | Got a serpentine rune of Zot
 42232 | Snake:4  | Killed Vashnia
 42552 | D:15     | Entered Level 15 of the Dungeon
 42720 | D:15     | Noticed Rupert
 42729 | D:15     | Killed Rupert
 43116 | D:15     | Received a gift from Sif Muna
 43117 | D:15     | Reached skill level 17 in Summonings
 43130 | D:15     | Got Sif Muna's Monograph on the Hyperborean Caves {god
                  | gift}
 44185 | D:15     | Found a staircase to the Depths.
 44193 | D:15     | Reached XP level 18. HP: 121/121 MP: 23/32
 44932 | D:4      | Bought a scroll of fog for 40 gold pieces
 45127 | Lair:3   | Upgraded the game from 0.31.0-4-g52a2dc7128 to
                  | 0.31.0-7-gf635a9b802
 45576 | Swamp:2  | Reached skill level 10 in Shields
 45905 | Swamp:2  | Learned a level 6 spell: Summon Cactus Giant
 46308 | Swamp:3  | Found a transporter.
 46737 | Swamp:3  | Found a transporter.
 48364 | Swamp:3  | Identified the amulet "Ufe Faff" {^Contam Harm rPois
                  | Will+++ Regen+}
 48366 | Swamp:3  | Identified the +0 cloak of the Jabberwock {Str-5 Int+5}
 48445 | Swamp:4  | Entered Level 4 of the Swamp
 48687 | Swamp:3  | Learned a level 7 spell: Malign Gateway
 48710 | Swamp:4  | Identified the +4 ring mail of Ceptoed {Dex+3}
 49226 | Swamp:4  | Received a gift from Sif Muna
 49395 | Swamp:4  | Got Sif Muna's Parchment of the Luminous Evil Eye {god
                  | gift}
 49460 | Swamp:4  | Noticed a tentacled monstrosity
 49489 | Swamp:4  | Killed a tentacled monstrosity
 50145 | Swamp:4  | Reached ****** piety under Sif Muna
 50631 | Swamp:4  | Noticed the 27-headed Lernaean hydra
 50667 | Swamp:4  | Killed the 27-headed Lernaean hydra
 50846 | Swamp:4  | Reached XP level 19. HP: 130/130 MP: 25/34
 50985 | Swamp:4  | Got a decaying rune of Zot
 51794 | Swamp:1  | Jorgrun changed into Jorgrun the formless jellyfish
 51794 | Swamp:1  | Noticed Jorgrun
 51794 | Swamp:1  | Killed Jorgrun the formless jellyfish
 51954 | Swamp:1  | Killed Nikola
 52015 | Swamp:1  | Got Sif Muna's Codex of Cryomancy and Synthesis {god gift}
 52459 | D:6      | Received a gift from Sif Muna
 52462 | D:6      | Killed Tang's ghost
 52467 | D:6      | Got Sif Muna's Precepts of the Thirsty Invaders {god gift}
 52705 | Vaults:1 | Entered Level 1 of the Vaults
 53983 | Vaults:1 | Found Nutahuut's Antique Weapon Shoppe.
 54227 | Vaults:1 | Lost mutation: A frigid envelope surrounds you and freezes
                  | all who hurt you. [potion of mutation]
 54227 | Vaults:1 | Lost mutation: Your body sometimes deteriorates upon taking
                  | damage. [potion of mutation]
 54227 | Vaults:1 | Gained mutation: Your flesh is cold resistant. (rC+)
                  | [potion of mutation]
 54497 | Vaults:1 | Identified the serpent talisman of Patience {rF- Str+3
                  | Int+2}
 54497 | Vaults:1 | Noticed Aizul
 54505 | Vaults:1 | Killed Aizul
 54506 | Vaults:1 | Reached skill level 10 in Translocations
 56703 | Vaults:2 | Received a gift from Sif Muna
 56705 | Vaults:2 | Got Sif Muna's Grimoire of Hyperbolic Assembling {god gift}
 57110 | Vaults:2 | Identified the orb "Cuys" {*channel, rC+ Dex-2 Conj Earth}
 57110 | Vaults:2 | Noticed Frederick
 57159 | Vaults:2 | Learned a level 8 spell: Summon Horrible Things
 59323 | Vaults:3 | Reached skill level 18 in Summonings
 59323 | Vaults:3 | Reached XP level 20. HP: 142/143 MP: 26/36
 59698 | Vaults:3 | Found a staircase to the Crypt.
 59988 | Vaults:3 | Found Efithoas's Magic Scroll Emporium.
 59991 | Vaults:3 | Bought a scroll of poison for 72 gold pieces
 59991 | Vaults:3 | Bought a scroll of fear for 72 gold pieces
 60335 | Vaults:3 | Identified the +4 mace "Ylajobua" {spect, rC+ Int+2 Dex+2
                  | Stlth-}
 60483 | Vaults:3 | Reached skill level 5 in Invocations
 62742 | Vaults:3 | Upgraded the game from 0.31.0-7-gf635a9b802 to
                  | 0.31.0-9-g3a7656b989
 63254 | Vaults:4 | Reached skill level 10 in Fighting
 64914 | Vaults:4 | Reached skill level 19 in Summonings
 64953 | Vaults:4 | Reached XP level 21. HP: 130/153 MP: 5/37
 66338 | Vaults:2 | Received a gift from Sif Muna
 66699 | Vaults:2 | Found Nopyf's Weapon Shop.
 67170 | Vaults:2 | Found Kofabiam's Antique Armour Shoppe.
 67182 | Vaults:2 | Bought a transparent robe for 239 gold pieces
 67182 | Vaults:2 | Identified the +2 robe of the Evening Star {rPois MP+9
                  | Dex-2 Archmagi} (You bought it in a shop on level 2 of the
                  | Vaults)
 67303 | Vaults:2 | Found a transporter.
 67340 | Vaults:2 | Found a transporter.
 67987 | Orc:2    | Learned a level 4 spell: Ignite Poison
 68070 | Elf:1    | Entered Level 1 of the Elven Halls
 68116 | Elf:1    | Noticed Kirke
 68133 | Elf:1    | Killed Kirke
 68267 | Elf:1    | Reached skill level 1 in Fire Magic
 68416 | Elf:1    | Paralysed by an air elemental for 1 turns
 68421 | Elf:1    | Paralysed by an air elemental for 1 turns
 69652 | Elf:2    | Found a large runed translucent door.
 69652 | Elf:2    | Found a large runed translucent door.
 69688 | Elf:2    | Found a large runed translucent door.
 69688 | Elf:2    | Found a large runed translucent door.
 69730 | Elf:2    | Found Niboappi's Magic Scroll Shoppe.
 69735 | Elf:2    | Found Qescho Otee's Antique Weapon Shoppe.
 70082 | Elf:2    | Reached skill level 1 in Evocations
 70648 | Elf:2    | Received a gift from Sif Muna
 70655 | Elf:2    | Got Agup's Directory of Elliptic Force {god gift}
 71895 | Elf:3    | Entered Level 3 of the Elven Halls
 72024 | Elf:3    | Paralysed by an air elemental for 1 turns
 72031 | Elf:3    | Paralysed by an air elemental for 1 turns
 72504 | Elf:3    | Found Oreiw's Antique Armour Emporium.
 72507 | Elf:3    | Bought a faintly humming leather armour for 210 gold pieces
 72507 | Elf:3    | Identified the +1 leather armour of Xozuihum {+Blink rC+
                  | Str+3} (You bought it in a shop on level 3 of the Elven
                  | Halls)
 72541 | Elf:3    | Reached skill level 20 in Summonings
 72875 | Elf:3    | Identified the +4 morningstar "Giwiulei" {elec, rElec rF-
                  | Dex+6}
 72887 | Elf:3    | Reached XP level 22. HP: 110/159 MP: 25/38
 73905 | Elf:3    | Identified the +4 chain mail "Iskuconuups" {Int+4 Dex-3}
 74497 | Elf:3    | Identified the +2 scale mail of the Blizzard {+Inv rElec
                  | Str-2 Stlth+}
 74506 | Elf:3    | Identified the staff "Upnybrino" {rElec rPois Alchemy}
 74508 | Elf:3    | Identified the staff of Gluttony {*Corrode Fly rElec Air
                  | Alchemy}
 74522 | Elf:3    | Identified the +4 hand axe "Eviscerator" {pain, rF- Dex+2
                  | SInv}
 74533 | Elf:3    | Learned a level 3 spell: Swiftness
 74617 | Elf:3    | Got the Omnibus of the Cooperative Map
 74628 | Elf:3    | Identified the death talisman of Ceusiceypt {Dex+2}
 74717 | Elf:3    | Bought a shiny helmet for 225 gold pieces
 74936 | D:10     | Bought the +4 broad axe of Cobwebs {flame, rN++} for 715
                  | gold pieces
 75312 | Vaults:2 | Killed Frederick
 75451 | Crypt:1  | Entered Level 1 of the Crypt
 75485 | Crypt:1  | Received a gift from Sif Muna
 76890 | Crypt:2  | Reached skill level 15 in Shields
 77228 | Crypt:2  | Received a gift from Sif Muna
 77229 | Crypt:2  | Got Sif Muna's Octavo of Sidekicks and the Grave {god gift}
 77238 | Crypt:2  | Reached skill level 5 in Evocations
 78665 | Crypt:3  | Entered Level 3 of the Crypt
 79139 | Crypt:3  | Received a gift from Sif Muna
 79140 | Crypt:3  | Got Pin Nie's Annotations on Distorted Fascination {god
                  | gift}
 79918 | Crypt:2  | Found a basalt altar of Yredelemnul.
 80015 | Crypt:3  | Reached XP level 23. HP: 165/165 MP: 19/40
 80725 | Crypt:3  | Got Jatot's Elucidation of Bodies
 80728 | Crypt:3  | Identified the ring "Heeteq" {rPois rF+ rN+}
 81180 | Crypt:3  | Identified the amulet "Wuzimp" {rPois Regen+ Dex+3}
 81180 | Crypt:3  | Identified the ring "Punaocwi" {^Drain rN+ rCorr MP+9
                  | Stlth+}
 81288 | Crypt:3  | Identified the ring "Laextaa" {+Blink Str+3 Int-3 Slay+5
                  | SInv}
 81296 | Crypt:3  | Identified the +1 hand axe "Qyug" {venom, Dex+3}
 81919 | Crypt:3  | Found a staircase to the Tomb.
 82183 | Crypt:3  | Identified the ring of the Archfiend {Int+6 Slay+3}
 82201 | Crypt:3  | Noticed an ancient lich
 82212 | Crypt:3  | Killed an ancient lich
 82932 | Elf:2    | Bought a scroll of amnesia for 48 gold pieces
 82932 | Elf:2    | Bought 2 scrolls of revelation for 180 gold pieces
 82932 | Elf:2    | Bought a scroll of teleportation for 36 gold pieces
 82932 | Elf:2    | Bought a scroll of teleportation for 36 gold pieces
 82932 | Elf:2    | Bought a scroll of silence for 114 gold pieces
 82959 | Elf:2    | Learned a level 9 spell: Dragon's Call
 83185 | D:15     | Upgraded the game from 0.31.0-9-g3a7656b989 to
                  | 0.31.0-10-gcf4a605ca0
 83186 | Depths:1 | Entered Level 1 of the Depths
 83279 | Depths:1 | Found Ecyss's Jewellery Boutique.
 83312 | Depths:1 | Found Qellara's Book Emporium.
 83313 | Depths:1 | Found Qunnocus's Jewellery Boutique.
 83367 | Depths:1 | Reached skill level 21 in Summonings
 83460 | Depths:1 | Found a hide-covered altar of Uskayaw.
 83674 | Depths:1 | Found a gateway to Hell.
 83792 | Depths:1 | Received a gift from Sif Muna
 83795 | Depths:1 | Got Sif Muna's Grimoire of Massed Fulmination {god gift}
 84355 | Depths:1 | Found Uwkong's Self-Published Books.
 84555 | Depths:1 | Bought the ring of the King {rC+ rN++ MP-9 Int+6} for 582
                  | gold pieces
 84580 | Depths:2 | Noticed Saint Roka
 84594 | Depths:2 | Killed Saint Roka
 84845 | Depths:2 | Found a one-way gate to the infinite horrors of the Abyss.
 85430 | Depths:2 | Found a one-way gate leading to the halls of Pandemonium.
 85518 | Depths:2 | Reached skill level 15 in Spellcasting
 85773 | Depths:2 | Found a shadowy altar of Dithmenos.
 86014 | Depths:2 | Reached skill level 22 in Summonings
 87230 | Depths:3 | Reached XP level 24. HP: 139/172 MP: 2/42
 87333 | Depths:3 | Found a one-way gateway to a ziggurat.
 88051 | Depths:3 | Received a gift from Sif Muna
 88052 | Depths:3 | Got Sif Muna's Compendium of the Planar Summer {god gift}
 88054 | Depths:3 | Reached skill level 23 in Summonings
 88850 | Depths:3 | Found a broken altar of Ashenzari.
 89010 | Depths:4 | Entered Level 4 of the Depths
 89640 | Depths:4 | Found a gate to the Realm of Zot.
 90878 | Vaults:5 | Entered Level 5 of the Vaults
 90884 | Vaults:5 | Gained mutation: Your health recovers twice as slowly from
                  | being drained. [a shining eye]
 90954 | Vaults:5 | Received a gift from Sif Muna
 90955 | Vaults:5 | Reached skill level 24 in Summonings
 90977 | Vaults:5 | Got Sif Muna's Disquisition on Enchanting Violence {god
                  | gift}
 91205 | Vaults:5 | Identified the +9 sling of the Endless Expanse {flame,
                  | rElec Will+ Int-3 Dex+2}
 91383 | Vaults:5 | Noticed a dread lich
 91398 | Vaults:5 | Killed a dread lich
 91457 | Vaults:5 | Gained mutation: You are frail. (-10% HP) [mutagenic glow]
 91494 | Vaults:5 | Reached XP level 25. HP: 117/154 MP: 1/43
 91600 | Vaults:5 | Identified the +5 plate armour "Gacvidghy" {rC+ Regen+
                  | Str+3 Int-2}
 91782 | Vaults:5 | Identified the +10 halberd of Baice {heavy, rN+ Will+ MP-9
                  | Str+3}
 91912 | Vaults:5 | Learned a level 4 spell: Passage of Golubria
 92704 | Vaults:5 | Got the Incunable of the Autopsy
 92793 | Vaults:5 | Lost mutation: Your flesh is cold resistant. (rC+) [potion
                  | of mutation]
 92793 | Vaults:5 | Lost mutation: You are frail. (-10% HP) [potion of
                  | mutation]
 92793 | Vaults:5 | Lost mutation: You are clumsy. (Dex -2) [potion of
                  | mutation]
 92793 | Vaults:5 | Gained mutation: Your magical capacity is low. (-10% MP)
                  | [potion of mutation]
 92794 | Vaults:5 | Lost mutation: Your health recovers twice as slowly from
                  | being drained. [potion of mutation]
 92794 | Vaults:5 | Lost mutation: Your magical capacity is low. (-10% MP)
                  | [potion of mutation]
 92794 | Vaults:5 | Gained mutation: You expend magic power (3 MP) to
                  | strengthen your wands. [potion of mutation]
 92794 | Vaults:5 | Lost mutation: You expend magic power (3 MP) to strengthen
                  | your wands. [potion of mutation]
 92794 | Vaults:5 | Gained mutation: You are dopey. (Int -2) [potion of
                  | mutation]
 92795 | Vaults:5 | Lost mutation: You are dopey. (Int -2) [potion of mutation]
 92795 | Vaults:5 | Gained mutation: You are strong-willed. (Will+) [potion of
                  | mutation]
 92795 | Vaults:5 | Gained mutation: You sometimes lose your temper in combat.
                  | [potion of mutation]
 92795 | Vaults:5 | Gained mutation: You have a pair of small antennae on your
                  | head. [potion of mutation]
 93188 | Vaults:5 | Got a silver rune of Zot
 93516 | Vaults:5 | Found Worettu's Magic Scroll Shoppe.
 93523 | Vaults:5 | Bought a scroll of blinking for 127 gold pieces
 93523 | Vaults:5 | Bought a scroll of fog for 68 gold pieces
 93523 | Vaults:5 | Bought a scroll of blinking for 127 gold pieces
 93533 | Vaults:5 | Found Maekh's Magic Scroll Shoppe.
 93549 | Vaults:5 | Bought a scroll of fear for 68 gold pieces
 93549 | Vaults:5 | Bought a scroll of blinking for 127 gold pieces
 93880 | Vaults:5 | Reached skill level 25 in Summonings
 94443 | Slime:1  | Entered Level 1 of the Pits of Slime
 94447 | Slime:1  | Reached skill level 10 in Invocations
 94579 | Slime:2  | Gained mutation: Armour fits poorly on your strangely
                  | shaped body. [a shining eye]
 94817 | Slime:5  | Entered Level 5 of the Pits of Slime
 94892 | Slime:5  | Received a gift from Sif Muna
 95572 | Slime:5  | Noticed the Royal Jelly
 95910 | Slime:5  | Killed the Royal Jelly
 95911 | Slime:5  | Reached XP level 26. HP: 159/188 MP: 10/44
 96064 | Slime:5  | Identified the +0 quarterstaff of Juqoimua {protect, Dex+7}
 96068 | Slime:5  | Identified the +3 leather armour of Summer {rC+ Will+
                  | rCorr}
 96070 | Slime:5  | Identified the +3 spear "Murmur" {vamp, Stlth+}
 96072 | Slime:5  | Identified the +4 war axe "Nucwaz" {freeze, Dex+4}
 96075 | Slime:5  | Identified the staff of the Telling Augurer {+Blink rElec
                  | rC+ Hexes Air}
 96078 | Slime:5  | Got a slimy rune of Zot
 96087 | Slime:5  | Identified the amulet of Lamire {Reflect rN+++ Will++
                  | Slay-2 SH+5 Stlth+}
 96433 | Lair:5   | Learned a level 5 spell: Yara's Violent Unravelling
 96666 | Depths:1 | Bought the ring "Ecoett" {rPois rF+++ rCorr Str-4 Int-5
                  | Dex+7} for 1240 gold pieces
 96755 | Zot:1    | Entered Level 1 of the Realm of Zot
 96762 | Zot:1    | Received a gift from Sif Muna
 96763 | Zot:1    | Got Sif Muna's Precepts of Entrancing Rallying {god gift}
 99261 | Zot:3    | Noticed an orb of fire
 99348 | Zot:3    | Killed an orb of fire
100201 | Zot:3    | Received a gift from Sif Muna
100394 | Zot:3    | Identified the +5 spear "Cacvulosk" {flame, Stlth+}
101230 | Zot:4    | Found a transporter.
101590 | Zot:4    | Reached XP level 27. HP: 202/202 MP: 13/44
101721 | Zot:4    | Noticed an orb of fire
101738 | Zot:4    | Killed an orb of fire
102191 | Zot:4    | Received a gift from Sif Muna
102639 | Zot:4    | Noticed Beclu's ghost (legendary GnSk)
102645 | Zot:4    | Noticed Miridwoatt's ghost (master GnFi)
102646 | Zot:4    | Noticed Muataran's ghost (veteran MiMo)
102653 | Zot:4    | Noticed an orb of fire
102729 | Zot:4    | Found a transporter.
103639 | Vaults:2 | Identified the amulet of Tafrer {Reflect rPois rCorr Int-2
                  | Dex+3 SH+5}
103646 | Vaults:2 | Identified the amulet of the Final Chapter {Acrobat Harm
                  | Str-3 Slay+5}
103661 | Vaults:2 | Identified the ring "Gecumm" {MP+9 Dex+3}
103664 | Vaults:2 | Identified the +0 chain mail of Gozag's Favour {Rampage
                  | Str-4 Int+5}
104051 | Depths:3 | Voluntarily entered the Abyss.
104071 | Abyss:1  | Found a corrupted altar of Lugonu.
104246 | Abyss:1  | Found a corrupted altar of Lugonu.
104252 | Abyss:1  | Found a corrupted altar of Lugonu.
104398 | Abyss:1  | Found a corrupted altar of Lugonu.
104504 | Abyss:1  | Received a gift from Sif Muna
104613 | Depths:3 | Escaped the Abyss
104718 | Zot:5    | Entered Level 5 of the Realm of Zot
104785 | Zot:5    | Noticed an orb of fire
104795 | Zot:5    | Killed an orb of fire
104837 | Zot:5    | Reached skill level 15 in Fighting
105686 | Zot:5    | Noticed an orb of fire
105697 | Zot:5    | Noticed an orb of fire
105703 | Zot:5    | Killed an orb of fire
105705 | Zot:5    | Killed an orb of fire
105706 | Zot:5    | Noticed an orb of fire
105712 | Zot:5    | Reached skill level 10 in Evocations
105719 | Zot:5    | Noticed an ancient lich
105722 | Zot:5    | Killed an orb of fire
105724 | Zot:5    | Noticed an orb of fire
105734 | Zot:5    | Killed an ancient lich
105742 | Zot:5    | Reached skill level 26 in Summonings
105753 | Zot:5    | Killed an ancient lich
105755 | Zot:5    | Killed an orb of fire
105779 | Zot:5    | Noticed a dread lich
105784 | Zot:5    | Noticed a dread lich
105787 | Zot:5    | Killed a dread lich
105793 | Zot:5    | Killed a dread lich
105915 | Zot:5    | Noticed a dread lich
105924 | Zot:5    | Killed a dread lich
105928 | Zot:5    | Noticed an ancient lich
105932 | Zot:5    | Killed an ancient lich
106466 | Zot:5    | Received a gift from Sif Muna
107124 | Zot:5    | Identified the +9 halberd of Dogekh {venom, rF+}
107360 | Depths:3 | Voluntarily entered the Abyss.
107467 | Abyss:1  | Found a corrupted altar of Lugonu.
107467 | Abyss:1  | Found a corrupted altar of Lugonu.
107467 | Abyss:1  | Found a corrupted altar of Lugonu.
107472 | Abyss:1  | Found a corrupted altar of Lugonu.
107473 | Abyss:1  | Found a corrupted altar of Lugonu.
107515 | Abyss:1  | Found a corrupted altar of Lugonu.
107576 | Abyss:1  | Gained mutation: You occasionally lose the ability to drink
                  | potions when taking damage. [a neqoxec]
107599 | Abyss:1  | Lost mutation: You occasionally lose the ability to drink
                  | potions when taking damage. [potion of mutation]
107599 | Abyss:1  | Lost mutation: You are strong-willed. (Will+) [potion of
                  | mutation]
107599 | Abyss:1  | Lost mutation: You sometimes lose your temper in combat.
                  | [potion of mutation]
107599 | Abyss:1  | Gained mutation: Your spells are a little harder to cast,
                  | but a little more powerful. [potion of mutation]
107599 | Abyss:1  | Gained mutation: You are somewhat resistant to further
                  | mutation. [potion of mutation]
107620 | Abyss:1  | Found a corrupted altar of Lugonu.
107768 | Abyss:1  | Found a corrupted altar of Lugonu.
107918 | Abyss:1  | Found a corrupted altar of Lugonu.
107985 | Depths:3 | Escaped the Abyss
108118 | Zot:5    | Got the Orb of Zot
108542 | D:$      | Escaped with the Orb!

Illustrated notes

Levels and vault maps discovered:
D:1:      scummos_arrival_forest, layout_basic
D:2:      layout_loops_ring, basic_altar, lightli_corner_chamber
D:3:      layout_loops_cross, mainiacjoe_overflow_alcove_4, xom_confusion_cloud,
          grunt_ministairs_10
D:4:      layout_loops_corners, kennysheep_little_box, serial_shops, shop,
          nicolae_take_the_stairs, shop, shop
D:5:      layout_loops_cross, nicolae_ru_the_path_less_chosen, uniq_grinder,
          uniq_ijyb, uniq_crazy_yiuf_cottage
D:6:      layout_loops_ring, slow_altar_1, gammafunk_ghost_necromancy,
          serial_shops, shop, lemuel_flamethrower_2, uniq_duvessa
D:7:      layout_cave_pools, temple_pool_b, enter_ossuary_3, minivault_14
D:8:      layout_loops_cross, lemuel_tele_altar
D:9:      statuecave_lemuel, layout_basic, enter_bailey_2, uniq_pikel
D:10:     layout_layer_cave, orc_david_3, corner_web_ring,
          minmay_misc_feat_columns
D:11:     layout_grid_maze, erik_lair_island
D:12:     layout_basic, grunt_ministairs_12
D:13:     layout_gridville
D:14:     layout_grid_maze, erik_vaults_2, yredelemnul_altar_generic
D:15:     gammafunk_depths_entry_grave, layout_basic, uniq_rupert
Temple:   compressed_dpeg_triangle_lava_temple
Lair:1:   layout_misc_corridors
Lair:2:   layout_gridlike, beast_lair_carwin_4
Lair:3:   layout_cave_pods, alex1729_swamp_entry_worm_eleionoma,
          guppyfry_snake_entry_island, grunt_megastairs_1
Lair:4:   layout_loops_ring
Lair:5:   grunt_lair_end_beastmaster, layout_misc_corridors, slime_entry_1,
          grunt_megastairs_3, serial_bayou_shore_b
Swamp:1:  layout_basic_swamp, infiniplex_staircase_pool_2, uniq_nikola,
          uniq_jorgrun
Swamp:2:  layout_basic_swamp, evilmike_swamp_ruin_house_1, swamp_pool_1_2
Swamp:3:  gammafunk_worm_tunnel, layout_basic_swamp, nicolae_swamp_stair_fork
Swamp:4:  swamp_old_school, layout_basic_swamp, swamp_pool_4,
          roderic_carrion_pond
Snake:1:  layout_onion, dpeg_stationary_puzzle
Snake:2:  layout_grid_maze, ebering_ghost_reflecting_pool, serial_bayou_shore_b,
          nicolae_integral_box, lemuel_fruit_tree
Snake:3:  nicolae_snake_crotalidae_crossing, layout_layer_cave, st_stairs_12
Snake:4:  grunt_snake_rune_serpentine_throne, layout_grid_maze,
          nrook_guardian_serpent_double
Slime:1:  layout_caves, nicolae_slime_getting_an_eyeful
Slime:2:  layout_caves
Slime:3:  layout_caves
Slime:4:  layout_caves
Slime:5:  slime_pit_nicolae_royal_road_to_ruin
Orc:1:    layout_caves, basic_altar, uniq_fannar
Orc:2:    st_orc_mages, layout_diamond_mine
Elf:1:    layout_geoelf_octagon, minmay_elf_demonology, uniq_kirke
Elf:2:    elven_hall_of_blades_hangedman_alternative
          [nicolae_blade_entry_splitting_headache], layout_geoelf_octagon,
          minmay_shop_star
Elf:3:    minmay_elf_hall_dome, layout_gridlike, serial_shops,
          nicolae_shop_tiny_real_fake_doors
Vaults:1: nicolae_vaults_triangles, v_misc_17, nicolae_vaults_wine_cellar,
          v_misc_31, nicolae_vaults_heist, nicolae_vaults_trapezoid_4,
          nicolae_vaults_tetromino_L_2, nicolae_vaults_double_plus_1,
          nicolae_vaults_security_offices_2, grunt_vaults_focal,
          hangedman_vaults_nails, nicolae_vaults_tetromino_T_2,
          layout_vaults_chaotic_city, serial_shops, shop, uniq_aizul
Vaults:2: vaults_room_hallway, v_pattern_3, nicolae_vaults_storage_room_glass,
          gammafunk_dig_for_victory, v_rooms_3,
          nicolae_vaults_stairing_the_circle, ontoclasm_vaults_idyll, v_misc_30,
          ontoclasm_vaults_fault, nicolae_vaults_stepped_doors, v_rooms_6,
          nicolae_vaults_house_3, ontoclasm_vaults_ring_large, vaults_dpeg_ring,
          layout_vaults_big_cross, serial_shops,
          nicolae_shop_bloodbath_and_beyond, nicolae_shop_statue_plus,
          uniq_frederick
Vaults:3: dpeg_vaults_monster_row, nicolae_vaults_closet_pinwheel_5,
          nicolae_vaults_sightless_eye, nicolae_vaults_storage_closets_3,
          nicolae_vaults_tetromino_L_1, nicolae_vaults_corridor_and_loot_room,
          blue_anna_dwarven_crypt, grunt_vaults_hallway_short,
          vaults_room_corners, ontoclasm_vaults_decontamination,
          nicolae_vaults_tetromino_L_1, nicolae_vaults_heart-shaped_vault,
          layout_vaults_omnigrid, serial_shops, nicolae_shop_rolled_up
Vaults:4: portal_desolation_entry_salt, nicolae_vaults_double_plus_2, v_misc_8,
          vaults_room_grunt_arrival_ludios, hangedman_vaults_hat,
          vaults_mumra_chevron, v_alt_pattern_3, hangedman_vaults_locks,
          nicolae_vaults_offset_grid_hallway_3, hangedman_vaults_cutoff,
          vaults_room_grunt_arrival_checkpoint,
          nicolae_vaults_oval_intersection, nicolae_vaults_wrenched,
          ontoclasm_vaults_ring_small, vaults_room_large_hall, v_misc_17,
          v_misc_25, layout_vaults_omnibox
Vaults:5
Crypt:1:  layout_regular_city
Crypt:2:  layout_rooms, st_chilly_death, lemuel_upstairs_altar
Crypt:3:  quadcrypt_mu
Depths:1: layout_cave_shapes, grunt_hell_entry_dis_grunt, nicolae_custom_books,
          nicolae_uskayaw_suspiria, minmay_shop_grove
Depths:2: minmay_connected_triangles_in_corner, layout_gridlike, abyss_entry,
          pf_coc_iceberg, grunt_dithmenos_smoke_and_mirrors,
          grunt_pan_entry_zigzag, serial_bayou_shore_b, uniq_saint_roka
Depths:3: kennysheep_scales, layout_honeycomb, enter_ziggurat_a,
          cheibrodos_ashenzari_chains, abyss_entry, grunt_mini_vestibule,
          infiniplex_staircase_zigzag_4
Depths:4: evilmike_zot_entry_argh, layout_honeycomb,
          chequers_serial_rivers_micro_d, hell_entry,
          minmay_misc_feat_secret_circle
Zot:1:    layout_cellular_growth
Zot:2:    layout_gridlike, hangedman_zot_gyre
Zot:3:    dreamdust_black_sun_cult, layout_basic, regret_index_zotdec_tunneler,
          grunt_ministairs_10
Zot:4:    layout_concentric_octagons, nzn_ghost_randoct,
          regret_index_zotdec_gossamer_gf
Zot:5:    layout_misc_corridors

Skill      XL: |  1  2  3  4  5  6  7  8  9 10 11 12 13 14 15 16 17 18 19 20 21 22 23 24 25 26 27 |
---------------+----------------------------------------------------------------------------------+-----
Conjurations   | 1 2 3 4 5 6 7 |  7.0
Polearms       | 1 |  1.2
Air Magic      | 1 2 3 |  3.0
Alchemy        | 5 6 8 10 | 10.9
Hexes          | 2 3 |  3.0
Spellcasting   | 3 4 5 6 8 9 10 11 12 13 15 16 17 19 | 19.2
Short Blades   | 2 3 4 7 9 10 | 10.0
Fighting       | 1 3 4 5 6 9 10 11 13 15 | 15.0
Summonings     | 2 4 5 8 9 11 13 15 16 17 18 19 20 22 24 25 26 | 26.6
Dodging        | 5 8 10 12 14 16 17 18 19 20 21 23 25 | 25.3
Invocations    | 3 4 6 7 8 10 | 10.0
Armour         | 2 3 |  3.0
Translocations | 4 5 7 9 10 11 12 13 14 | 14.0
Shields        | 6 9 10 12 14 15 | 15.0
Fire Magic     | 3 |  3.0
Evocations     | 3 5 8 12 | 12.0
Stealth        | |  2.3

Action                     |  1- 3 |  4- 6 |  7- 9 | 10-12 | 13-15 | 16-18 | 19-21 | 22-24 | 25-27 || total
---------------------------+-------+-------+-------+-------+-------+-------+-------+-------+-------++-------
  Melee: Unarmed           |     1 |       |       |       |       |       |       |       |       ||     1
         Dagger            |     2 |       |    45 |   311 |   328 |   162 |     5 |       |       ||   853
         Trident           |     7 |     8 |     2 |       |       |       |       |       |       ||    17
         Punch             |       |       |       |     4 |     2 |     2 |       |       |       ||     8
         Tailslap          |       |       |       |     3 |     6 |     5 |       |       |       ||    14
         Quarterstaff      |       |       |       |     1 |    14 |    11 |    18 |       |       ||    44
         Broad axe         |       |       |       |       |       |       |       |    68 |       ||    68
         Staff             |       |       |       |       |       |       |       |     7 |       ||     7
  Throw: Stone             |     1 |     3 |       |       |       |       |       |       |       ||     4
         Boomerang         |       |     1 |     3 |     3 |       |     9 |     4 |     3 |       ||    23
         Dart              |       |       |       |     3 |     2 |       |       |       |       ||     5
         Javelin           |       |       |       |       |       |    10 |       |       |       ||    10
   Cast: Sting             |    53 |   104 |    50 |    25 |     8 |       |       |       |       ||   240
         Mercury Vapours   |       |    18 |    23 |    16 |     4 |       |       |       |       ||    61
         Slow              |       |    10 |    23 |    36 |    12 |     3 |     2 |       |       ||    86
         Olgreb's Toxic Ra |       |       |    46 |    99 |   153 |     9 |    74 |    39 |    13 ||   433
         Mephitic Cloud    |       |       |    12 |    48 |    49 |    13 |    26 |     1 |       ||   149
         Call Canine Famil |       |       |       |     9 |     4 |       |       |       |       ||    13
         Summon Forest     |       |       |       |       |    41 |    59 |    13 |       |       ||   113
         Summon Lightning  |       |       |       |       |    53 |   128 |    24 |       |       ||   205
         Apportation       |       |       |       |       |     2 |    79 |    74 |   137 |   131 ||   423
         Irradiate         |       |       |       |       |     3 |    10 |    15 |    22 |    20 ||    70
         Summon Hydra      |       |       |       |       |       |   197 |   226 |   114 |    52 ||   589
         Blink             |       |       |       |       |       |     2 |     2 |     1 |     1 ||     6
         Malign Gateway    |       |       |       |       |       |     8 |    71 |   108 |    83 ||   270
         Summon Cactus Gia |       |       |       |       |       |     4 |       |       |       ||     4
         Summon Horrible T |       |       |       |       |       |       |    15 |    45 |    44 ||   104
         Ignite Poison     |       |       |       |       |       |       |    58 |    32 |    13 ||   103
         Swiftness         |       |       |       |       |       |       |       |    10 |     9 ||    19
         Dragon's Call     |       |       |       |       |       |       |       |    14 |    62 ||    76
         Passage of Golubr |       |       |       |       |       |       |       |       |     9 ||     9
         Yara's Violent Un |       |       |       |       |       |       |       |       |     9 ||     9
 Invoke: Channel Magic     |       |       |       |       |     1 |     2 |    10 |    13 |    24 ||    50
  Evoke: Wand              |       |       |       |       |     4 |     9 |    10 |     8 |    37 ||    68
         Lightning rod     |       |       |       |       |     1 |     3 |     8 |    10 |     2 ||    24
         Phantom mirror    |       |       |       |       |       |       |       |     2 |     2 ||     4
    Use: Scroll            |       |     5 |     7 |    10 |    19 |    15 |    12 |    13 |    21 ||   102
         Potion            |       |     2 |       |     1 |    15 |    11 |     7 |    11 |    29 ||    76
   Stab: Sleeping          |       |       |     1 |     5 |     2 |       |       |       |       ||     8
         Confused          |       |       |     2 |    15 |    31 |     1 |       |       |       ||    49
         Distracted        |       |       |       |       |     1 |     6 |     1 |       |       ||     8
         Invisible         |       |       |       |       |     1 |       |       |       |       ||     1
         Paralysed         |       |       |       |       |       |       |     1 |       |       ||     1
 Armour: Robe              |    13 |    18 |    18 |       |     5 |    53 |   121 |   137 |   104 ||   469
         Steam dragon scal |       |       |    10 |    89 |   172 |       |       |       |       ||   271
         Leather armour    |       |       |       |       |       |   136 |     9 |       |       ||   145
         Skin              |       |       |       |       |       |       |       |       |     9 ||     9
  Dodge: Dodged            |    11 |    19 |    38 |   142 |   236 |   220 |   266 |   202 |   150 ||  1284
  Block: Kite shield       |       |       |       |       |       |     5 |    12 |   105 |    42 ||   164
         Buckler           |       |       |       |       |       |       |       |    19 |    22 ||    41
